 Dungeon Crawl Stone Soup version 0.28-a0-1524-ge72afd5fc6 (webtiles) character file.

Game seed: 4599440444674351426

51 hashsling the Chucker (level 3, 0/20 HPs)
             Began as a Deep Elf Wanderer on Jan 18, 2022.
             Succumbed to an adder's poison
             ... on level 2 of the Dungeon.
             The game lasted 00:04:27 (2142 turns).

hashsling the Chucker (Deep Elf Wanderer)           Turns: 2142, Time: 00:04:27

Health: 0/20       AC:  2    Str:  9    XL:     3   Next: 57%
Magic:  3/10       EV: 12    Int: 16    God:
Gold:   31         SH:  0    Dex: 16    Spells: 8/9 levels left

rFire   + . .      SeeInvis .   a - +2 dagger
rCold   + . .      Faith    .   (no shield)
rNeg    . . .      Spirit   .   l - +0 robe {Will+}
rPois   .          Reflect  .   (no helmet)
rElec   .          Harm     .   d - scarf {rC+ rF+}
rCorr   .          Rampage  .   (no gloves)
Will    +....                   (no boots)
Stlth   ++........              (no amulet)
HPRegen 0.06/turn               (no ring)
MPRegen 0.12/turn               (no ring)

@: lethally poisoned (0 -> -1), very slightly contaminated, hasted, very quick
A: no striking features
a: no special abilities


You were on level 2 of the Dungeon.
You visited 1 branch of the dungeon, and saw 2 of its levels.

You collected 31 gold pieces.

Inventory:

Hand Weapons
 a - a +2 dagger (weapon)
Missiles
 b - 2 curare-tipped darts
Armour
 d - a scarf of resistance (worn)
 l - a +0 robe of willpower (worn)
Wands
 c - a wand of flame (4)
Scrolls
 e - a scroll of fear {unknown}
 f - 2 scrolls of immolation {unknown}
 i - 3 scrolls of identify {unknown}
 j - a scroll of magic mapping {unknown}
 k - 3 scrolls of amnesia {unknown}


   Skills:
 - Level 1.0 Fighting
 - Level 4.0 Throwing
 * Level 2.3 Dodging
 - Level 1.0 Stealth
 + Level 3.5 Spellcasting
 * Level 2.0 Poison Magic
 - Level 3.2 Evocations


You had 8 spell levels left.
You knew the following spells:

 Your Spells              Type           Power      Damage    Failure   Level
a - Sting                 Tmut/Pois      24%        1d4       12%         1

Your spell library contained the following spells:

 Spells                   Type           Power      Damage    Failure   Level
 Spider Form              Tmut/Pois      6%         N/A       34%         3


Dungeon Overview and Level Annotations

Branches:
Dungeon (2/15)

Altars:


Message History

The sting hits the adder but does no damage.
The adder looks even sicker.
The adder is lightly wounded.
The adder bites you but does no damage. The adder bites you.
You are poisoned.
The adder poisons you!
The sting hits the adder.
The adder looks even sicker.
The adder is moderately wounded.
You feel sick. The adder bites you.
You are too injured to fight recklessly!
Aiming: Sting (safe; 12% risk of failure)
Press: ? - help, Q - select action, (/) - cycle Shift-Dir - straight line, f/p - adder
Aim: an adder (severely wounded, very poisoned, 48% to hit)
You miscast Sting.
You are very lightly contaminated with residual magic.
Nothing appears to happen.
You feel sick. The adder bites you.
* * * LOW HITPOINT WARNING * * *
Aiming: Sting (safe; 12% risk of failure)
Press: ? - help, Q - select action, (/) - cycle Shift-Dir - straight line, f/p - adder
Aim: an adder (severely wounded, very poisoned, 48% to hit)
You miscast Sting.
Nothing appears to happen.
* * * LOW HITPOINT WARNING * * *
You feel sick. The adder closely misses you. x2
Aiming: Sting (safe; 12% risk of failure)
Press: ? - help, Q - select action, (/) - cycle Shift-Dir - straight line, f/p - adder
Aim: an adder (severely wounded, very poisoned, 48% to hit)
The sting hits the adder.
The adder looks as sick as possible!
You kill the adder!
* * * LOW HITPOINT WARNING * * *
You feel sick.
Training target 1.0 for Stealth reached!
Your Stealth skill increases to level 1!
Your Poison Magic skill increases to level 2!
* * * LOW HITPOINT WARNING * * *
You feel sick.
* * * LOW HITPOINT WARNING * * *
You feel sick.
It was a potion of haste.
You feel yourself speed up.
You die...

#.#....#..#.≈≈
..........#..#....#.#.≈≈
..........#...#....##.≈≈
..........#.....#####..≈
..........#...#....##..≈
......!>..#..#....#.#...
.?........#.#....#..#...
..........##....#...####
......$@..#####...[.# #
..........##......### #
#####.....#.#...### #
#.(...#..#..########
#.....#...#.........
#.........)#......##
#..........#......#
#..........#>.....#
#..........#......#


There were no monsters in sight!

Vanquished Creatures
  2 adders (D:2)
  A worm (D:2)
  A dart slug (D:1)
  5 bats
  3 endoplasms
  3 giant cockroaches (D:1)
  A goblin (D:1)
  2 kobolds
  3 quokkas (D:1)
  3 ball pythons
  A frilled lizard (D:1)
  2 rats
27 creatures vanquished.

Notes
Turn   | Place    | Note
-------+----------+-------------------------------------------
     0 | D:1      | hashsling the Deep Elf Wanderer began the quest for the
                  | Orb.
     0 | D:1      | hashsling set off with the following items: a +2 dagger, 2
                  | curare-tipped darts, a wand of flame (4), a +0 robe; and
                  | the following spell memorised: Sting; and the following
                  | spells available to memorise: Spider Form
     0 | D:1      | Reached XP level 1. HP: 12/12 MP: 6/6
   432 | D:1      | Reached skill level 1 in Dodging
   448 | D:1      | Reached skill level 1 in Poison Magic
   448 | D:1      | Reached XP level 2. HP: 13/16 MP: 5/8
  1716 | D:2      | Reached XP level 3. HP: 5/20 MP: 4/9
  1739 | D:2      | Found a faded altar of an unknown god.
  2140 | D:2      | Reached skill level 1 in Stealth
  2141 | D:2      | HP: 1/20 [poisoned by an adder]
  2142 | D:2      | Succumbed to an adder's poison

Illustrated notes

Levels and vault maps discovered:
D:1:      minmay_arrival_loop, layout_basic, chequers_serial_rivers_room_b,
          hangedman_decor_clover_reticule
D:2:      minmay_general_purpose_star, layout_basic,
          nicolae_ecumenical_lake_church, hangedman_decor_diamond_cutter,
          uniq_robin

Skill      XL: |  1  2  3 |
---------------+----------+-----
Dodging        | 1 2 |  2.3
Poison Magic   | 1 2 |  2.0
Stealth        | 1 |  1.0
Fighting       | |  1.0
Throwing       | |  4.0
Spellcasting   | |  3.5
Evocations     | |  3.2

Action                   || total
-------------------------++-------
Melee: Dagger            ||    27
 Cast: Sting             ||    49
  Use: Potion            ||     2
 Stab: Sleeping          ||     1
Armor: Robe              ||     6
Dodge: Dodged            ||    39

Table legend: (Time is in decaauts)
 A = Elapsed time spent in this place.
 B = Non-inter-level travel time spent in this place.
 C = Inter-level travel time spent in this place.
 D = Time resting spent in this place.
 E = Time spent auto-exploring this place.
 F = Levels seen in this place.
 G = Mean time per level.
                   A        B        C        D        E       F      G
               +--------+--------+--------+--------+--------+-----+--------+
         Total |   2144 |   2098 |     46 |      0 |   1867 |   2 | 1072.0 |
       Dungeon |   2144 |   2098 |     46 |      0 |   1867 |   2 | 1072.0 |
               +--------+--------+--------+--------+--------+-----+--------+

Top non-repeatable levels by time:
     D:1: 1618 daAuts
     D:2: 526 daAuts
